 Dungeon Crawl Stone Soup version 0.27.1-34-g3ba077fa99 (webtiles) character file.

Game seed: 16522366823722927609

2735 mcbry74 the Cleaver (level 9, -3/70 HPs)
             Began as a Hill Orc Fighter on Jan 21, 2022.
             Was a Believer of Qazlal.
             Slain by an orc (4 damage)
             ... in a bailey.
             The game lasted 00:29:33 (7899 turns).

mcbry74 the Cleaver (Hill Orc Fighter)              Turns: 7899, Time: 00:29:34

Health: -3/70      AC:  6    Str: 27    XL:     9   Next: 67%
Magic:  15/15      EV:  7    Int: 12    God:    Qazlal [**....]
Gold:   205        SH: 13    Dex: 10    Spells: 8/8 levels left

rFire    + . .     SeeInvis .   a - +1 war axe
rCold    . . .     Faith    .   c - +0 kite shield
rNeg     . . .     Spirit   .   b - +0 scale mail
rPois    .         Reflect  .   (no helmet)
rElec    .         Harm     .   (no cloak)
rCorr    .         Rampage  .   (no gloves)
Will     .....                  (no boots)
Stlth    ..........             (no amulet)
HPRegen  0.21/turn              B - +6 ring of strength
MPRegen  0.14/turn              A - ring "Gyir" {+Blink rF+ Int+3}

@: flying
A: no striking features
a: Renounce Religion, Evoke Blink, Upheaval


You were in a bailey.
You worshipped Qazlal.
Qazlal was pleased with you.
You visited 1 branch of the dungeon, and saw 7 of its levels.
You also visited: Bailey.

You collected 205 gold pieces.

Inventory:

Hand Weapons
 a - a +1 war axe (weapon)
 j - a +1 vampiric spear
 s - a +0 war axe
 w - a +3 morningstar
 z - a +0 war axe
Missiles
 p - 56 poisoned darts (quivered)
Armour
 b - a +0 scale mail (worn)
 c - a +0 kite shield (worn)
 f - a +0 tower shield
Jewellery
 l - a ring of positive energy
 n - an amulet of guardian spirit
 A - the ring "Gyir" (right hand) {+Blink rF+ Int+3}
   (You found it on level 6 of the Dungeon)

   [ring of protection from fire]

   Int:       It affects your intelligence (+3).
   rF:        It protects you from fire.
   +Blink:    It lets you blink.
 B - a +6 ring of strength (left hand)
Wands
 k - a wand of paralysis (8)
 u - a wand of flame (25)
Scrolls
 e - a scroll of magic mapping
 g - 2 scrolls of identify
 m - a scroll of amnesia
 r - a scroll of enchant armour
 v - a scroll of fear
 x - a scroll of enchant weapon
 y - a scroll of teleportation
Potions
 d - a potion of might
 h - 2 potions of mutation
 i - a potion of curing
 o - a potion of heal wounds
 q - a potion of flight
 t - 2 potions of lignification


   Skills:
 - Level 3.6 Fighting
 * Level 12.7 Axes
 - Level 3.2 Armour
 - Level 3.2 Shields
 + Level 8.5 Invocations
 + Level 4.9 Evocations


You had 8 spell levels left.
You didn't know any spells.
Your spell library contained the following spells:

 Spells                   Type           Power      Damage    Failure   Level
 Animate Skeleton         Necr           0%         N/A       98%         1
 Apportation              Tloc           0%         N/A       98%         1
 Corona                   Hex            0%         N/A       98%         1
 Foxfire                  Conj/Fire      0%         2x1d4     98%         1
 Summon Small Mammal      Summ           0%         N/A       98%         1
 Conjure Flame            Conj/Fire      0%         6-21      100%        3
 Inner Flame              Hex/Fire       0%         N/A       100%        3
 Summon Guardian Golem    Hex/Summ       0%         N/A       100%        3
 Orb of Destruction       Conj           0%         N/A       100%        7
 Spellforged Servitor     Conj/Summ      0%         N/A       100%        7


Dungeon Overview and Level Annotations

Branches:
Dungeon (7/15)             Temple (0/1) D:5          Bailey (1/1)

Altars:
Fedhas
Makhleb
Nemelex Xobeh
Qazlal
Sif Muna

Shops:
D:4 (   D:5 *


Message History

You slash the centaur!
You kill the centaur!
Qazlal accepts your kill.
Your shield and scale mail prevent you from hitting the orc.
The orc hits you but does no damage. You block the orc's attack.
Your life force feels restored.
You hit the orc.
The orc is moderately wounded.
You block the orc's attack.
The orc hits you from afar with a +0 spear.
You block the orc's attack.
You hit the orc.
The orc is severely wounded.
You block the orc's attack. The orc closely misses you.
A centaur comes into view. It is wielding a +0 trident.
The orc hits you with a +0 spear. The orc hits you but does no damage.
You closely miss the orc.
The orc is severely wounded.
The centaur shouts!
You block the orc's attack. x4
The orc hits you from afar with a +0 spear.
* * * LOW HITPOINT WARNING * * *
You closely miss the orc.
The orc is severely wounded.
You block the orc's attack. x2; The orc hits you with a +0 spear.
* * * LOW HITPOINT WARNING * * *
The orc hits you but does no damage.
You hit the orc.
You kill the orc!
Qazlal accepts your kill. You block the orc's attack. x2
The orc hits you from afar with a +0 spear.
* * * LOW HITPOINT WARNING * * *
The orc hits you from afar with a +0 spear.
* * * LOW HITPOINT WARNING * * *
The centaur throws a javelin.
The javelin pierces through you!
* * * LOW HITPOINT WARNING * * *
The javelin barely misses the orc.
The orc hits you from afar with a +0 spear.
You die...

........#####
...≈≈≈≈≈≈≈≈≈o...##
..≈≈......c≈≈≈.⌠.#
....≈≈≈≈≈≈≈.o≈≈..#
..≈≈≈.....≈≈≈o≈≈.#
.≈≈..≈≈≈≈≈..≈≈o≈.##
≈≈.≈≈≈...≈≈≈.°.≈≈.#
≈.≈≈..⌠.⌠..@.≈≈.≈.#
≈.....∩∩∩.○≈).o.≈.#
≈.≈≈..⌠.⌠..≈o≈≈.≈.#
≈≈.≈≈≈...≈≈≈.≈.≈≈.#
.≈≈..≈≈≈≈≈..≈≈.≈o##
..≈≈≈.....≈≈≈.≈≈o#
....≈≈≈≈≈≈≈..≈≈..#
..≈≈.......≈≈≈.⌠.#
...≈≈≈≈≈≈≈≈≈o...##


You could see a centaur and 8 orcs.

Vanquished Creatures
  Sigmund (D:5)
  4 yaks (D:6)
  A steam dragon (D:6)
  2 water moccasins
  A black bear (D:6)
  4 phantoms
  3 centaurs
  A bullfrog (D:7)
  2 scorpions (D:6)
  A water moccasin zombie (D:5)
  A water moccasin skeleton (D:4)
  5 wights
  2 howler monkeys (D:5)
  A hound (D:4)
  A centaur skeleton (D:4)
  3 iguanas
  3 orc wizards
  A hound zombie (D:5)
  3 hound skeletons (D:4)
  A gnoll (D:1)
  9 adders
  A white imp (D:6)
  2 ufetubi
  4 worms
  A dart slug (D:1)
  12 orcs
  8 endoplasms
  2 giant cockroaches (D:2)
  10 goblins
  2 hobgoblins (D:3)
  4 jackals (D:1)
  6 kobolds
  4 quokkas
  5 ball pythons
  5 bats
  2 frilled lizards
  5 rats
123 creatures vanquished.

Notes
Turn   | Place    | Note
-------+----------+-------------------------------------------
     0 | D:1      | mcbry74 the Hill Orc Fighter began the quest for the Orb.
     0 | D:1      | Reached XP level 1. HP: 19/19 MP: 1/1
   162 | D:1      | Reached skill level 3 in Axes
   445 | D:1      | Reached XP level 2. HP: 26/26 MP: 2/2
   471 | D:1      | Reached skill level 4 in Axes
   850 | D:1      | Reached XP level 3. HP: 20/31 MP: 3/3
  1172 | D:1      | Found a faded altar of an unknown god.
  1241 | D:1      | Became a worshipper of Qazlal Stormbringer
  1241 | D:1      | Reached * piety under Qazlal
  1570 | D:2      | Reached skill level 5 in Axes
  1692 | D:2      | Reached skill level 1 in Invocations
  1736 | D:2      | Reached XP level 4. HP: 39/39 MP: 4/4
  1831 | D:2      | You fall into a shaft and drop 2 floors!
  1849 | D:4      | Reached skill level 6 in Axes
  1849 | D:4      | Reached XP level 5. HP: 40/45 MP: 6/6
  1917 | D:4      | Found a burning altar of Makhleb.
  2235 | D:3      | Reached skill level 7 in Axes
  2281 | D:3      | Reached ** piety under Qazlal
  3105 | D:3      | Found a sparkling altar of Nemelex Xobeh.
  3155 | D:3      | Reached XP level 6. HP: 49/51 MP: 8/8
  4130 | D:4      | Reached skill level 8 in Axes
  4232 | D:4      | Reached XP level 7. HP: 29/57 MP: 10/10
  4413 | D:4      | Found a shimmering blue altar of Sif Muna.
  4417 | D:4      | Found Dahued's Antique Weapon Shoppe.
  4487 | D:4      | Reached skill level 9 in Axes
  4487 | D:4      | Reached skill level 5 in Invocations
  4881 | D:5      | Entered Level 5 of the Dungeon
  5169 | D:5      | Reached skill level 1 in Evocations
  5347 | D:5      | Reached XP level 8. HP: 64/64 MP: 12/12
  5391 | D:5      | Reached skill level 10 in Axes
  5546 | D:5      | Found a blossoming altar of Fedhas.
  5546 | D:5      | Noticed Sigmund
  5589 | D:5      | Killed Sigmund
  5732 | D:5      | Found a staircase to the Ecumenical Temple.
  5971 | D:5      | Found Guigh's General Store.
  6521 | D:6      | Reached skill level 11 in Axes
  6634 | D:6      | Reached XP level 9. HP: 53/70 MP: 14/14
  7043 | D:6      | Identified the ring "Gyir" {+Blink rF+ Int+3}
  7301 | D:6      | Reached skill level 12 in Axes
  7783 | D:7      | Found a flagged portal.
  7882 | Bailey   | Entered a bailey
  7899 | Bailey   | HP: 1/70 [centaur/javelin (11)]
  7899 | Bailey   | Slain by an orc

Illustrated notes

Levels and vault maps discovered:
D:1:      dpeg_arrival_concentric_ovals, layout_loops_corners,
          shapermc_ecumenical_altar_hornbeckon
D:2:      layout_basic
D:3:      layout_basic, nemelex_altar_shiori, roderic_serpentine_path
D:4:      layout_basic, mainiacjoe_overflow_alcove_1,
          mainiacjoe_overflow_small_starburst, serial_shops,
          nicolae_shop_behind_doors
D:5:      layout_basic, mainiacjoe_overflow_chevrons, temple_doors_ab,
          serial_shops, shop, serial_glass, glass_columns_c, glass_columns_a,
          uniq_sigmund
D:6:      layout_basic
D:7:      layout_basic, enter_bailey_3
Bailey:   bailey_polearm_flooded_kennysheep, bailey

Skill      XL: |  1  2  3  4  5  6  7  8  9 |
---------------+----------------------------+-----
Axes           | 3 4 5 6 7 8 9 11 12 | 12.7
Invocations    | 1 2 3 4 5 7 8 |  8.5
Evocations     | 1 3 4 |  4.9
Fighting       | |  3.6
Armour         | |  3.2
Shields        | |  3.2

Action                   |  1- 3 |  4- 6 |  7- 9 || total
-------------------------+-------+-------+-------++-------
Melee: War axe           |    87 |   173 |   178 ||   438
Throw: Dart              |       |     6 |     7 ||    13
Invok: Upheaval          |       |     1 |     5 ||     6
  Use: Scroll            |       |     8 |     5 ||    13
       Potion            |       |     1 |     4 ||     5
Armor: Scale mail        |    35 |    61 |    73 ||   169
Dodge: Dodged            |    33 |    33 |    67 ||   133
Block: Kite shield       |    41 |    96 |   147 ||   284
